 Dungeon Crawl Stone Soup version 0.31-a0-1-g4198be8af4 (webtiles) character file.

Game seed: 15422443951082469786

360 Jase the Insei (level 6, -2/38 HPs)
             Began as an Octopode Transmuter on May 2, 2023.
             Killed from afar by a steam dragon (21 damage)
             ... with a ball of steam
             ... on level 4 of the Dungeon.
             The game lasted 00:05:14 (2224 turns).

Jase the Insei (Octopode Transmuter)                Turns: 2224, Time: 00:05:14

Health: -2/38      AC:  2    Str: 10    XL:     6   Next: 65%
Magic:  6/9        EV: 20    Int: 17    God:
Gold:   200        SH:  0    Dex: 23    Spells: 3/9 levels left

rFire   . .          .
                       - Unarmed
rCold   . . .        (shield currently unavailable)
rNeg    . . .        (helmet currently unavailable)
rPois   x            (no amulet)
rElec   .            h - +6 ring of dexterity
rCorr   .            (no ring)
SInv    .            (no ring)
Will    .....        (no ring)
Stlth   ++           (no ring)
HPRegen 0.26/turn    (no ring)
MPRegen 0.11/turn    (no ring)
                     (no ring)

%: no passive effects
@: spider-form
A: venomous fangs, almost no armour, (amphibious), 8 rings, tiny, (camouflage
1), (gelatinous body 1), (nimble swimmer 1), (tentacles)
a: End Transformation


You were on level 4 of the Dungeon.
You were a venomous arachnid creature.
You visited 1 branch of the dungeon, and saw 4 of its levels.

You collected 200 gold pieces.

Inventory:

Jewellery
 h - a +6 ring of dexterity (left front pincers)
Scrolls
 b - 2 scrolls of poison {unknown}
 c - a scroll of summoning {unknown}
 d - 4 scrolls of identify {unknown}
 i - a scroll of magic mapping {unknown}
 k - a scroll of vulnerability {unknown}
 l - a scroll of blinking {unknown}
Potions
 a - 2 potions of lignification
 f - a potion of mutation {unknown}
 g - 3 potions of degeneration {unknown}
 j - a potion of brilliance {unknown}


   Skills:
 - Level 1.0 Fighting
 - Level 2.0 Dodging
 + Level 5.5 Unarmed Combat
 - Level 2.0 Spellcasting
 + Level 5.0 Transmutations


You had 3 spell levels left.
You knew the following spells:

 Your Spells              Type           Power      Damage    Failure   Level
a - Beastly Appendage     Tmut           36%        N/A       10%         1
b - Wereblood             Tmut           18%        N/A       12%         2
c - Spider Form           Tmut/Pois      10%        N/A       41%         3

Your spell library contained the following spells:

 Spells                   Type           Power      Damage    Failure   Level
 Stone Arrow              Conj/Erth      2%         3d7       71%         3
 Ice Form                 Ice/Tmut       10%        N/A       77%         4
 Lehudib's Crystal Spear  Conj/Erth      0%         10d2      100%        8
 Animate Armour           Summ/Erth      Unusable   N/A       N/A         4

Dungeon Overview and Level Annotations

Branches:
Dungeon (4/15)
 Temple: D:4-7

Altars:

Annotations:
D:4 exclusion: steam dragon


Innate Abilities, Weirdness & Mutations

You are a venomous arachnid creature.
You have venomous fangs.
You are tiny and dextrous.
Your spellcasting is less reliable in this form.
Your armour is entirely melded.
You are incapable of wielding weapons or throwing items.
You cannot wear most types of armour.
((You are amphibious.))
You can wear up to eight rings at the same time.
((Your skin changes colour to match your surroundings (Stealth+).))
((Your rubbery body absorbs attacks. (AC +1, EV +1)))
((You are camouflaged when in or above water. (Stealth+)))
((You have tentacles for arms and can constrict up to eight enemies at once.))


Message History

Eustachio hits you with a +0 falchion!
* * * LOW HITPOINT WARNING * * *
You tentacle-slap Eustachio.
You kill Eustachio!
The bat disappears in a puff of smoke!
The quokka disappears in a puff of smoke! x2
The bat disappears in a puff of smoke!
Your Unarmed Combat skill increases to level 5!
Your Transmutations skill increases to level 5!
You have reached level 6!
g - 3 amethyst potions (gained 2)
You start resting.
Your transformation is almost over.
Your tentacle spike disappears.
You start to feel less resistant.
You start resting.
Your resistance to elements expires.
You start resting.
HP restored.
Unknown command.
As you open the door, it creaks loudly!
A quokka comes into view.
Found a scroll labelled YNIELU LAKKUU.
There is an open door here.
Casting: Beastly Appendage (safe; 2% risk of failure)
Confirm with . or Enter, or press ? or * to list all spells.
One of your tentacles grows a vicious spike.
The steam dragon breathes steam at you. The ball of steam hits you!!
Ouch! That really hurt!
Okay, then.
Casting: Beastly Appendage (safe; 2% risk of failure)
Confirm with . or Enter, or press ? or * to list all spells.
The spell is quite dangerous to miscast (21% risk of failure)!
Continue anyway?
Your tentacle spike disappears.
You turn into a venomous arachnid creature.
The steam dragon breathes steam at you. The ball of steam hits you!!
Ouch! That really hurt!
You die...

######...............#?#
..............#####+#..
######..####### #.#.#
#...# #.#'####### #.#.#
#.......... #.#.##
#####.......... #.#..#
#..r........... #.##.###
#..D.#§§....... #.
#...###.s###§........ ..
###........#.D)......
###.)>...#.........
#......#.........
#......#.........
#......#.........
#......#.........
#......#.....D...
########


You could see a steam dragon (catching breath) and a quokka.

Vanquished Creatures
  Eustachio (D:4)
  A phantom (D:4)
  A hound (D:4)
  An iguana (D:4)
  An orc wizard (D:4)
  An adder (D:2)
  A dart slug (D:1)
  3 orcs (D:4)
  6 ball pythons
  An endoplasm (D:2)
  2 giant cockroaches
  5 hobgoblins
  3 quokkas
  5 bats
  2 frilled lizards (D:2)
  4 goblins
  5 kobolds
  4 rats
47 creatures vanquished.

Vanquished Creatures (others)
  8 fungi (D:1)
8 creatures vanquished.

Grand Total: 55 creatures vanquished

Notes
Turn   | Place    | Note
-------+----------+-------------------------------------------
     0 | D:1      | Jase the Octopode Transmuter began the quest for the Orb.
     0 | D:1      | Reached XP level 1. HP: 13/13 MP: 3/3
   185 | D:1      | Reached XP level 2. HP: 17/18 MP: 3/5
   833 | D:2      | Reached XP level 3. HP: 18/23 MP: 4/6
   836 | D:2      | Learned a level 2 spell: Wereblood
   840 | D:2      | Learned a level 3 spell: Spider Form
  1680 | D:3      | You fall into a shaft and drop 1 floor!
  1758 | D:4      | Reached XP level 4. HP: 28/28 MP: 5/7
  1985 | D:4      | Reached XP level 5. HP: 32/33 MP: 8/8
  2010 | D:4      | Noticed a phantom
  2027 | D:4      | Killed a phantom
  2068 | D:4      | Noticed Eustachio
  2073 | D:4      | Noticed a steam dragon
  2084 | D:4      | Killed Eustachio
  2085 | D:4      | Reached skill level 5 in Unarmed Combat
  2085 | D:4      | Reached skill level 5 in Transmutations
  2085 | D:4      | Reached XP level 6. HP: 5/38 MP: 9/9
  2224 | D:4      | Killed from afar by a steam dragon

Illustrated notes

Levels and vault maps discovered:
D:1:      scummos_arrival_checkerplants, layout_loops_cross, glass_columns_a
D:2:      layout_rooms
D:3:      layout_basic
D:4:      layout_basic, uniq_eustachio

Skill      XL: |  1  2  3  4  5 |
---------------+----------------+-----
Transmutations | 3 5 |  5.0
Unarmed Combat | 4 5 |  5.5
Fighting       | |  1.0
Dodging        | |  2.0
Spellcasting   | |  2.0

Action                     |  1- 3 |  4- 6 || total
---------------------------+-------+-------++-------
  Melee: Unarmed           |    70 |    34 ||   104
         Constrict         |    18 |     7 ||    25
         Tentacles         |    12 |     8 ||    20
         Kick              |    20 |    17 ||    37
         Punch             |     2 |     3 ||     5
   Cast: Beastly Appendage |    21 |     7 ||    28
         Wereblood         |     1 |       ||     1
         Spider Form       |       |     1 ||     1
    Use: Potion            |       |     1 ||     1
   Stab: Sleeping          |    10 |     5 ||    15
         Distracted        |       |     1 ||     1
 Armour: Skin              |     9 |     1 ||    10
  Dodge: Dodged            |    29 |    15 ||    44

Table legend: (Time is in decaauts)
 A = Elapsed time spent in this place.
 B = Non-inter-level travel time spent in this place.
 C = Inter-level travel time spent in this place.
 D = Time resting spent in this place.
 E = Time spent auto-exploring this place.
 F = Levels seen in this place.
 G = Mean time per level.
                   A        B        C        D        E       F      G
               +--------+--------+--------+--------+--------+-----+--------+
         Total |   2215 |   2164 |     51 |    208 |   1519 |   4 |  553.8 |
       Dungeon |   2215 |   2164 |     51 |    208 |   1519 |   4 |  553.8 |
               +--------+--------+--------+--------+--------+-----+--------+

Top non-repeatable levels by time:
     D:1: 741 daAuts
     D:2: 638 daAuts
     D:4: 540 daAuts
     D:3: 294 daAuts
